 Dungeon Crawl Stone Soup version 0.30-a0-989-g0d87f670db (webtiles) character file.

Game seed: 16678408638113390768

14170 112233 the Thaumaturge (level 11, -1/68 HPs)
             Began as a Deep Elf Earth Elementalist on Apr 4, 2023.
             Was a Priest of Vehumet.
             Slain by a two-headed ogre
             ... wielding a +0 giant spiked club
              (7 damage)
             ... on level 12 of the Dungeon.
             The game lasted 00:11:44 (14351 turns).

112233 the Thaumaturge (DEEE)                      Turns: 14351, Time: 00:11:45

Health: -1/68      AC:  4    Str:  5    XL:     11   Next: 85%
Magic:  10/30      EV: 14    Int: 25    God:    Vehumet [***...]
Gold:   1000       SH:  0    Dex: 15    Spells: 21/36 levels left

rFire   . . .      SeeInvis .    y - +7 Throatcutter {drain, coup de grace}
rCold   . . .      Faith    .    (no shield)
rNeg    . . .      Spirit   .    a - +0 robe
rPois   .          Reflect  .    (no helmet)
rElec   .          Rampage  .    w - +0 cloak
rCorr   .                        u - +0 pair of gloves
Will    +....                    (no boots)
Stlth   ++                       (no amulet)
HPRegen 0.31/turn                (no ring)
MPRegen 0.22/turn                (no ring)

@: no status effects
A: no striking features
a: Renounce Religion


You were on level 12 of the Dungeon.
You worshipped Vehumet.
Vehumet was most pleased with you.
You visited 1 branch of the dungeon, and saw 12 of its levels.
You also visited: Sewer.

You collected 1000 gold pieces.

Inventory:

Hand Weapons
 y - the +7 Throatcutter (weapon) {drain, coup de grace}
   (You took it off Terence on level 2 of the Dungeon)
Armour
 a - a +0 robe (worn)
 u - a +0 pair of gloves (worn)
 w - a +0 cloak (worn)
 C - a +0 buckler
Magical Staves
 d - a staff of fire
Jewellery
 x - a ring of wizardry
Wands
 k - a wand of charming (7)
 v - a wand of flame (45)
 A - a wand of digging (5)
 J - a wand of iceblast (7)
Scrolls
 c - a scroll of noise {unknown}
 e - 2 scrolls of amnesia {unknown}
 f - 2 scrolls of immolation {unknown}
 g - 2 scrolls of vulnerability
 i - 2 scrolls of teleportation
 n - 2 scrolls of torment {unknown}
 o - 2 scrolls of summoning {unknown}
 q - 5 scrolls of identify {unknown}
 r - 2 scrolls of enchant weapon {unknown}
 t - 2 scrolls of enchant armour {unknown}
 z - 3 scrolls of fear {unknown}
 B - a scroll of fog {unknown}
 D - a scroll of poison
 F - a scroll of magic mapping {unknown}
 H - 2 scrolls of brand weapon {unknown}
 I - a scroll of silence {unknown}
Potions
 h - 2 potions of magic
 j - 3 potions of heal wounds
 l - 2 potions of might {unknown}
 m - a potion of cancellation {unknown}
 p - 2 potions of curing {unknown}
 s - 2 potions of mutation {unknown}
 E - a potion of brilliance {unknown}
 G - 2 potions of lignification {unknown}
Miscellaneous
 b - a condenser vane (inert)


   Skills:
 + Level 8.1 Fighting
 * Level 5.6 Dodging
 - Level 2.4 Stealth
 + Level 13.0 Spellcasting
 + Level 10.0 Conjurations
 - Level 1.1 Transmutations
 + Level 10.6 Earth Magic


You had 21 spell levels left.
You knew the following spells:

 Your Spells              Type           Power      Damage    Failure   Level
a - Sandblast             Erth           100%       2d20      1%          1
b - Stone Arrow           Conj/Erth      100%       3d13      1%          3
c - Lee's Rapid Deconstr  Erth           31%        3d16*     1%          5
d - Passwall              Tmut/Erth      37%        N/A       1%          2
e - Petrify               Tmut/Erth      45%        N/A       3%          4

Your spell library contained the following spells:

 Spells                   Type           Power      Damage    Failure   Level
 Sticky Flame             Conj/Fire      41%        2d6       1%          4
 Freeze                   Ice            64%        1d7       1%          1
 Hailstorm                Conj/Ice       41%        3d10      1%          3
 Fulminant Prism          Conj/Hex       20%        3d12      1%          4
 Iskenderun's Mystic Bla  Conj/Tloc      41%        2d9       1%          4
 Frozen Ramparts          Ice            32%        1d5       3%          3
 Kindle Blastsparks       Fire/Tloc/Air  32%        2d12      3%          3


Dungeon Overview and Level Annotations

Branches:
Dungeon (12/15)            Temple (0/1) D:4            Lair (0/5) D:8
  Sewer (visited)
    Orc: D:9-12

Altars:
Cheibriados
Fedhas
Hepliaklqana
Kikubaaqudgha
Makhleb
Nemelex Xobeh
Okawaru
Qazlal
Ru
Trog
Uskayaw
Vehumet
Xom
The Shining One

Annotations:
D:5 3 runed translucent doors, fly's ghost, weakling DgDe


Message History

Casting: Stone Arrow (safe; 1% risk of failure)
Confirm with . or Enter, or press ? or * to list all spells.
Aiming: Stone Arrow (safe; 1% risk of failure)
Press: ? - help, Shift-Dir - straight line, f/p - two-headed ogre
Aim: a two-headed ogre, wielding a +0 giant spiked club and a +0 giant club (lightly wounded, 89% to hit)
The stone arrow hits the slime creature!!
The slime creature is almost dead.
The slime creature hits you!
* * * LOW HITPOINT WARNING * * *
You feel much better. The slime creature misses you.
Unknown command.
Casting: Stone Arrow (safe; 1% risk of failure)
Confirm with . or Enter, or press ? or * to list all spells.
Aiming: Stone Arrow (safe; 1% risk of failure)
Press: ? - help, Shift-Dir - straight line, f/p - two-headed ogre
Aim: a two-headed ogre, wielding a +0 giant spiked club and a +0 giant club (lightly wounded, 89% to hit)
The stone arrow hits the slime creature!
You kill the slime creature!
Vehumet accepts your kill.
Casting: Stone Arrow (safe; 1% risk of failure)
Confirm with . or Enter, or press ? or * to list all spells.
Aiming: Stone Arrow (safe; 1% risk of failure)
Press: ? - help, Shift-Dir - straight line, f/p - two-headed ogre
Aim: a two-headed ogre, wielding a +0 giant spiked club and a +0 giant club (lightly wounded, 89% to hit)
The stone arrow hits the two-headed ogre!!
The two-headed ogre is moderately wounded.
The two-headed ogre hits you with a +0 giant spiked club!!
The two-headed ogre hits you with a +0 giant club!
* * * LOW HITPOINT WARNING * * *
Casting: Stone Arrow (safe; 1% risk of failure)
Confirm with . or Enter, or press ? or * to list all spells.
Aiming: Stone Arrow (safe; 1% risk of failure)
Press: ? - help, Shift-Dir - straight line, f/p - two-headed ogre
Aim: a two-headed ogre, wielding a +0 giant spiked club and a +0 giant club (moderately wounded, 89% to hit)
The stone arrow hits the two-headed ogre!!
The two-headed ogre is almost dead.
The two-headed ogre hits you with a +0 giant spiked club!
* * * LOW HITPOINT WARNING * * *
The two-headed ogre hits you with a +0 giant club!
You die...

............+.##..##..##..
............#.....##......
.#####'######.. .........
#.....###########.....#
#.....#.........#.....#
+..(..#.........#.....#
#.###.#.........#.....#
#.....#..##.....O.....#
..##'###..##....@####### .
#........(......#
#...............#
#...............# .
+...............#
..####'############
.....(...........# ##+##
......#########(.# #....
....††# #..# #....


You could see a two-headed ogre.

Vanquished Creatures
  Erica (D:8)
  3 two-headed ogres (D:10)
  An ogre mage (D:10)
  A cyclops (D:11)
  An elephant (D:8)
  2 manticores
  Maurice (D:8)
  A kobold demonologist (D:10)
  An unseen horror (D:8)
  A komodo dragon (D:10)
  A troll (D:10)
  Grinder (D:3)
  A slime creature (D:12)
  Sigmund (D:5)
  20 yaks
  2 basilisks (D:8)
  2 wyverns (D:8)
  A steam dragon (D:8)
  3 vampire mosquitoes (D:12)
  3 acid dragons
  2 water moccasins
  Duvessa (D:6)
  2 ice beasts
  3 black bears
  An orc warrior (D:6)
  An ogre (D:6)
  2 centaurs
  2 phantoms
  3 kobold brigands
  A bullfrog (D:8)
  A scorpion (D:3)
  17 wights
  Dowan (D:6)
  6 howler monkeys
  A lava snake (D:9)
  2 jellies (Sewer)
  4 orc priests
  4 hounds
  9 orc wizards
  Jessica (D:2)
  4 iguanas
  Terence (D:2)
  12 adders
  3 gnolls (D:5)
  A river rat (Sewer)
  2 shadow imps (D:6)
  A white imp (D:6)
  2 worms (D:3)
  4 dart slugs
  18 orcs
  8 ball pythons
  5 bats
  14 endoplasms
  6 giant cockroaches
  5 goblins
  7 hobgoblins
  7 jackals
  18 kobolds
  7 quokkas
  11 frilled lizards
  13 rats
261 creatures vanquished.

Vanquished Creatures (others)
  A yak (D:10)
  A plant (D:4)
2 creatures vanquished.

Grand Total: 263 creatures vanquished

Notes
Turn   | Place    | Note
-------+----------+-------------------------------------------
     0 | D:1      | 112233 the Deep Elf Earth Elementalist began the quest for
                  | the Orb.
     0 | D:1      | Reached XP level 1. HP: 10/10 MP: 6/6
   216 | D:1      | Reached XP level 2. HP: 12/15 MP: 3/8
   265 | D:1      | Reached skill level 4 in Spellcasting
   464 | D:1      | Reached skill level 1 in Fighting
   666 | D:1      | Reached XP level 3. HP: 10/20 MP: 7/10
   670 | D:1      | Learned a level 3 spell: Stone Arrow
   673 | D:1      | Learned a level 2 spell: Passwall
  1057 | D:2      | Noticed Terence
  1158 | D:2      | Found a faded altar of an unknown god.
  1319 | D:2      | Noticed Jessica
  1321 | D:2      | Killed Jessica
  1322 | D:2      | Reached XP level 4. HP: 26/26 MP: 10/12
  1519 | D:3      | Noticed a scorpion
  1521 | D:3      | Reached skill level 5 in Spellcasting
  1527 | D:3      | Killed a scorpion
  1528 | D:3      | Reached XP level 5. HP: 7/31 MP: 3/15
  1675 | D:3      | Found a glowing drain.
  1690 | Sewer    | Entered a sewer
  2031 | Sewer    | Reached skill level 1 in Conjurations
  2066 | Sewer    | Found a viscous altar of Jiyva.
  2122 | Sewer    | Reached skill level 6 in Spellcasting
  2246 | D:3      | Reached XP level 6. HP: 36/36 MP: 15/17
  2416 | D:3      | Found a sacrificial altar of Ru.
  2656 | D:3      | Noticed Grinder
  2806 | D:4      | Found a radiant altar of Vehumet.
  2909 | D:4      | Became a worshipper of Vehumet
  2967 | D:4      | Found a staircase to the Ecumenical Temple.
  3016 | D:4      | Found an ancient bone altar of Kikubaaqudgha.
  3045 | D:4      | Found a burning altar of Makhleb.
  3260 | D:4      | Reached XP level 7. HP: 41/41 MP: 16/19
  3304 | D:4      | Found an iron altar of Okawaru.
  3476 | D:5      | Entered Level 5 of the Dungeon
  3488 | D:5      | Found a bloodstained altar of Trog.
  3799 | D:5      | Reached skill level 7 in Spellcasting
  3852 | D:5      | Found a runed translucent gate.
  3853 | D:5      | Found a runed translucent gate.
  3854 | D:5      | Found a runed translucent gate.
  3894 | D:5      | Noticed Sigmund
  3897 | D:5      | Killed Sigmund
  3898 | D:5      | Reached skill level 5 in Earth Magic
  3921 | D:5      | Noticed fly's ghost (weakling DgDe)
  3998 | D:5      | Reached XP level 8. HP: 13/48 MP: 8/21
  4002 | D:5      | Reached * piety under Vehumet
  4002 | D:5      | Offered knowledge of Foxfire by Vehumet.
  4496 | D:5      | Reached skill level 8 in Spellcasting
  4879 | D:6      | Reached skill level 5 in Conjurations
  5166 | D:6      | Reached skill level 5 in Fighting
  5599 | D:6      | Offered knowledge of Magic Dart by Vehumet.
  5652 | D:6      | Found a blossoming altar of Fedhas.
  5652 | D:6      | Found a stormy altar of Qazlal.
  5688 | D:6      | Reached ** piety under Vehumet
  5689 | D:6      | Reached skill level 9 in Spellcasting
  5689 | D:6      | Reached XP level 9. HP: 46/54 MP: 15/24
  6002 | D:6      | Noticed Duvessa
  6002 | D:6      | Noticed Dowan
  6009 | D:6      | Killed Duvessa
  6026 | D:6      | Killed Dowan
  6586 | D:7      | Found a hazy altar of Hepliaklqana.
  6788 | D:7      | Reached skill level 10 in Spellcasting
  7462 | D:3      | Killed Grinder
  7705 | D:2      | Killed Terence
  8147 | D:8      | Reached XP level 10. HP: 60/60 MP: 12/26
  8291 | D:8      | Noticed Maurice
  8298 | D:8      | Killed Maurice
  8298 | D:8      | Offered knowledge of Ignite Poison by Vehumet.
  8396 | D:8      | Found a snail-covered altar of Cheibriados.
  8782 | D:8      | Found a staircase to the Lair.
  8782 | D:8      | Noticed an elephant
  8793 | D:8      | Killed an elephant
  8799 | D:8      | Reached skill level 11 in Spellcasting
  9029 | D:8      | Noticed Erica
  9038 | D:8      | Killed Erica
  9477 | D:8      | Found a sparkling altar of Nemelex Xobeh.
  9880 | D:9      | Reached *** piety under Vehumet
 10237 | D:9      | Noticed a fire dragon
 10403 | D:10     | Entered Level 10 of the Dungeon
 10407 | D:10     | Noticed a two-headed ogre
 10411 | D:10     | Killed a two-headed ogre
 10522 | D:10     | Noticed a manticore
 10525 | D:10     | Noticed a two-headed ogre
 10527 | D:10     | Killed a manticore
 10529 | D:10     | Noticed an ogre mage
 10544 | D:10     | Killed a two-headed ogre
 10545 | D:10     | Reached skill level 12 in Spellcasting
 10545 | D:10     | Reached XP level 11. HP: 23/67 MP: 16/29
 10898 | D:9      | Found a hide-covered altar of Uskayaw.
 10918 | D:10     | Paralysed by an ogre mage for 4 turns
 11127 | D:10     | Killed an ogre mage
 11216 | D:10     | Noticed a two-headed ogre
 11223 | D:10     | Killed a two-headed ogre
 11224 | D:10     | Reached skill level 10 in Earth Magic
 11552 | D:9      | Offered knowledge of Sticky Flame by Vehumet.
 12128 | D:10     | Found a shimmering altar of Xom.
 12528 | D:10     | Found a glowing golden altar of the Shining One.
 12730 | D:10     | Learned a level 5 spell: Lee's Rapid Deconstruction
 12735 | D:10     | Learned a level 4 spell: Petrify
 13913 | D:12     | Reached skill level 5 in Dodging
 13923 | D:12     | Reached skill level 13 in Spellcasting
 14102 | D:12     | Reached skill level 10 in Conjurations
 14279 | D:12     | Noticed a two-headed ogre
 14351 | D:12     | Slain by a two-headed ogre

Illustrated notes

Levels and vault maps discovered:
D:1:      heliophobic_arrival_enchanted_forest, layout_basic
D:2:      layout_rooms, shapermc_ecumenical_altar_totnotflames, uniq_terence,
          uniq_jessica
D:3:      layout_loops_ring, mainiacjoe_overflow_alcove_4, portal_sewer_entry_a,
          nrook_loot_triangle, uniq_grinder
D:4:      layout_gridville, lemuel_tele_altar, okawaru_altar_gauntlet_db,
          mainiacjoe_overflow_concentric_impassable,
          makhleb_blood_cavern_becter, minmay_temple_entry_gardened_gates,
          serial_bayou_pond_c, st_stairs_5
D:5:      layout_gridville, trog_three_pillars_becter, gammafunk_ghost_icy,
          uniq_sigmund
D:6:      dreamdust_elfheim, layout_basic,
          grunt_temple_overflow_forces_of_nature
D:7:      layout_cave_pools, lemuel_coloured_pillars_altar
D:8:      layout_basic, nemelex_diamond_rough_becter,
          mainiacjoe_overflow_alcove_1, david_lair_generic,
          kennysheep_decorative_pillar, uniq_maurice, uniq_erica
D:9:      dragon1_lemuel, layout_rooms, nicolae_elyvilon_temple_path,
          nicolae_overflow_hidden_temple
D:10:     hangedman_cross_stitches, layout_cave_pools, amcnicky_altar_gilded,
          tso_metal_star
D:11:     layout_basic
D:12:     layout_stronghold, david_orc_2

Skill      XL: |  1  2  3  4  5  6  7  8  9 10 11 |
---------------+----------------------------------+-----
Spellcasting   | 4 5 6 7 9 10 12 13 | 13.0
Fighting       | 1 2 3 4 5 6 7 8 |  8.1
Conjurations   | 1 2 4 5 7 9 10 | 10.0
Earth Magic    | 4 5 6 8 9 10 | 10.6
Dodging        | 5 |  5.6
Stealth        | |  2.4
Transmutations | |  1.1

Action                     |  1- 3 |  4- 6 |  7- 9 | 10-12 || total
---------------------------+-------+-------+-------+-------++-------
  Melee: Staff             |     1 |       |       |       ||     1
         Club              |       |     3 |     2 |       ||     5
         Trident           |       |       |     3 |       ||     3
         Long sword        |       |       |       |     2 ||     2
   Cast: Sandblast         |    54 |   100 |    44 |     5 ||   203
         Stone Arrow       |       |     1 |   121 |   156 ||   278
         Lee's Rapid Decon |       |       |       |     6 ||     6
  Evoke: Wand              |       |       |       |     3 ||     3
         Condenser vane    |       |       |       |     1 ||     1
    Use: Potion            |     1 |     1 |     2 |     5 ||     9
         Scroll            |       |     1 |       |     3 ||     4
 Armour: Robe              |     6 |     8 |     9 |     1 ||    24
  Dodge: Dodged            |    16 |    29 |    47 |    52 ||   144

Table legend: (Time is in decaauts)
 A = Elapsed time spent in this place.
 B = Non-inter-level travel time spent in this place.
 C = Inter-level travel time spent in this place.
 D = Time resting spent in this place.
 E = Time spent auto-exploring this place.
 F = Levels seen in this place.
 G = Mean time per level.
                   A        B        C        D        E       F      G
               +--------+--------+--------+--------+--------+-----+--------+
         Total |  14480 |  13862 |    618 |   2316 |   9934 |  13 | 1113.8 |
       Dungeon |  13910 |  13292 |    618 |   2240 |   9592 |  12 | 1159.2 |
         Sewer |    570 |    570 |      0 |     76 |    341 |   1 |  570.0 |
               +--------+--------+--------+--------+--------+-----+--------+

Top non-repeatable levels by time:
     D:8: 1826 daAuts
     D:6: 1715 daAuts
     D:9: 1597 daAuts
    D:10: 1284 daAuts
    D:11: 1116 daAuts
     D:3: 1099 daAuts
     D:4: 1060 daAuts
     D:1: 1010 daAuts
     D:5: 999 daAuts
     D:7: 979 daAuts
     D:2: 739 daAuts
   Sewer: 570 daAuts
    D:12: 479 daAuts
